 Dungeon Crawl Stone Soup version 0.29.1-12-g30fa7ad0bf (webtiles) character file.

Game seed: 16740302421108136443

78795 Radix the Geomancer (level 15, -11/92 HPs)
             Began as a Gargoyle Earth Elementalist on Dec 15, 2022.
             Was a High Priest of Vehumet.
             Mangled by a +2 dire flail of draining (13 damage)
             ... on level 2 of the Elven Halls.
             The game lasted 04:46:42 (26718 turns).

Radix the Geomancer (Gargoyle Earth Elementalist)  Turns: 26718, Time: 04:46:42

Health: -11/92     AC: 25    Str: 11    XL:     15   Next: 61%
Magic:  0/39       EV: 11    Int: 30    God:    Vehumet [*****.]
Gold:   1608       SH:  7    Dex: 14    Spells: 3/36 levels left

rFire   . . .      SeeInvis +   k - +1 whip of the Silent Majority {vorpal, Will++}
rCold   . . .      Faith    .   g - +2 buckler of the Spheres {Dex+4}
rNeg    + . .      Spirit   +   a - +2 robe {Archmagi}
rPois   ∞          Reflect  .   L - +1 helmet
rElec   +          Harm     .   x - +2 cloak of the Thief {*Fog Slay-2 SInv Stlth+}
rCorr   .          Rampage  .   (no gloves)
Will    ++++.      Archmagi +   b - +3 pair of boots of Perfidy {Will+}
Stlth   +++.......              K - amulet of guardian spirit
HPRegen 0.25/turn               d - +6 ring of intelligence
MPRegen 0.26/turn               O - ring of magical power

@: flying
A: sickness immunity, AC +11, big wings, negative energy resistance 1,
electricity resistance, torment resistance 1, petrification resistance
a: Renounce Religion


You were on level 2 of the Elven Halls.
You worshipped Vehumet.
Vehumet was extremely pleased with you.
You visited 5 branches of the dungeon, and saw 22 of its levels.

You collected 3237 gold pieces.
You spent 1629 gold pieces at shops.

Inventory:

Hand Weapons
 c - a +0 hand axe
 k - the +1 whip of the Silent Majority (weapon) {vorpal, Will++}
   (You found it on level 2 of the Lair of Beasts)

   It inflicts extra damage upon your enemies.
   Will:      It greatly increases your willpower.
 E - a +0 demon whip of venom
Armour
 a - a +2 robe of the Archmagi (worn)
 b - the +3 pair of boots of Perfidy (worn) {Will+}
   (You acquired it on level 10 of the Dungeon)

   Will:      It increases your willpower.
 g - the +2 buckler of the Spheres (worn) {Dex+4}
   (You found it on level 2 of the Lair of Beasts)

   Dex:       It affects your dexterity (+4).
 x - the +2 cloak of the Thief (worn) {*Fog Slay-2 SInv Stlth+}
   (You found it on level 3 of the Lair of Beasts)

   It may release a thick cloud of smoke when the wearer is hurt.
   Slay:      It affects your accuracy & damage with ranged weapons and melee
   (-2).
   SInv:      It lets you see invisible.
   Stlth:     It makes you more stealthy.
 L - a +1 helmet (worn)
 Q - +3 acid dragon scales
Magical Staves
 w - a staff of cold
Jewellery
 d - a +6 ring of intelligence (left hand)
 K - an amulet of guardian spirit (around neck)
 M - a +4 ring of protection
 O - a ring of magical power (right hand)
 Y - a ring of protection from cold
Wands
 f - a wand of flame (2)
Scrolls
 j - a scroll of fear
 o - 4 scrolls of poison
 v - a scroll of fog
 y - 2 scrolls of teleportation
 T - 2 scrolls of identify
 U - a scroll of magic mapping
Potions
 e - 3 potions of might
 h - 9 potions of curing
 l - 2 potions of berserk rage
 m - 3 potions of cancellation
 t - 3 potions of invisibility
 u - a potion of mutation {unknown}
 A - a potion of experience {unknown}
 B - 3 potions of resistance
 C - a potion of heal wounds
 J - 2 potions of brilliance
Miscellaneous
 r - a phial of floods


   Skills:
 - Level 9.9 Fighting
 - Level 10.0 Maces & Flails
 - Level 5.6 Armour
 - Level 1.5 Dodging
 - Level 2.1 Stealth
 - Level 5.0 Shields
 + Level 11.1 Spellcasting
 + Level 11.6 Conjurations
 - Level 0.7 Transmutations
 - Level 7.1 Fire Magic
 - Level 10.7 Ice Magic
 + Level 14.0 Earth Magic


You had 3 spell levels left.
You knew the following spells:

 Your Spells              Type           Power      Damage    Failure   Level
a - Sandblast             Erth           100%       2d20      0%          1
b - Stone Arrow           Conj/Erth      100%       3d13      1%          3
c - Blink                 Tloc           50%        N/A       6%          2
d - Freezing Cloud        Conj/Ice/Air   37%        6-21      1%          5
e - Lee's Rapid Deconstr  Erth           50%        3d25*     1%          5
f - Lehudib's Crystal Sp  Conj/Erth      48%        10d11     32%         8
g - Fire Storm            Conj/Fire      41%        8d11      100%        9

Your spell library contained the following spells:

 Spells                   Type           Power      Damage    Failure   Level
 Iskenderun's Battlesphe  Conj           92%        2d14      1%          5
 Foxfire                  Conj/Fire      100%       2x1d9     1%          1
 Freeze                   Ice            100%       1d11      1%          1
 Passwall                 Tmut/Erth      61%        N/A       1%          2
 Poisonous Vapours        Pois/Air       50%        N/A       1%          2
 Conjure Flame            Conj/Fire      83%        6-21      1%          3
 Frozen Ramparts          Ice            100%       1d16      1%          3
 Ignite Poison            Fire/Tmut/Pois 48%        N/A       1%          3
 Inner Flame              Hex/Fire       55%        N/A       1%          3
 Sting                    Tmut/Pois      100%       1d8       3%          1
 Call Canine Familiar     Summ           25%        N/A       12%         3
 Portal Projectile        Hex/Tloc       50%        N/A       12%         3
 Flame Wave               Conj/Fire      83%        2d18      1%          4
 Fulminant Prism          Conj/Hex       33%        3d16      1%          4
 Hailstorm                Conj/Ice       90%        3d18      1%          4
 Iskenderun's Mystic Bla  Conj/Tloc      67%        2d14      1%          4
 Petrify                  Tmut/Erth      74%        N/A       1%          4
 Leda's Liquefaction      Hex/Erth       36%        N/A       2%          4
 Passage of Golubria      Tloc           25%        N/A       36%         4
 Manifold Assault         Tloc           25%        N/A       73%         5
 Silence                  Hex/Air        12%        N/A       73%         5
 Storm Form               Tmut/Air       14%        N/A       100%        7


Dungeon Overview and Level Annotations

Branches:
Dungeon (11/15)            Temple (1/1) D:7            Lair (5/5) D:8
 Shoals (0/4) Lair:2        Snake (0/4) Lair:3        Slime (0/5) Lair:5
    Orc (2/2) D:11            Elf (3/3) Orc:2

Altars:
Ashenzari
Cheibriados
Dithmenos
Elyvilon
Fedhas
Gozag
Hepliaklqana
Kikubaaqudgha
Makhleb
Nemelex Xobeh
Okawaru
Qazlal
Ru
Sif Muna
Trog
Uskayaw
Vehumet
Wu Jian
Xom
Yredelemnul
Zin
The Shining One

Shops:
D:1 :   D:2 *   D:9 (   D:10 [*[[   D:11 (*   Orc:2 :([[

Annotations:
Elf:2 Azrael


Innate Abilities, Weirdness & Mutations

You are immune to sickness and miasma.
Your stone body is resilient. (AC +11)
You are immune to poison.
Your large and strong wings let you fly.
You resist negative energy. (rN+)
You are resistant to electric shocks. (rElec)
You are resistant to unholy torment.
You are immune to petrification.


Message History

The arrow misses the deep elf knight.
The arrow closely misses you.
You feel much better. The deep elf knight misses you.
The deep elf archer shoots an arrow.
The arrow hits the deep elf knight!!
The deep elf knight points at you and mumbles some strange words.
The shard of ice misses you.
Your surroundings seem slightly different.
Found a stone staircase leading up.
You start resting.
A deep elf archer is nearby!
Casting: Stone Arrow (safe; 1% risk of failure)
Confirm with . or Enter, or press ? or * to list all spells.
Aiming: Stone Arrow (safe; 1% risk of failure)
Press: ? - help, Shift-Dir - straight line, f - deep elf archer
Aim: a deep elf archer, wielding a +0 shortbow and wearing a +0 leather armour (repelling missiles, 34% to hit)
You feel a surge of power!
The deep elf archer repels the stone arrow!
The deep elf archer shoots an arrow.
You block the arrow.
The deep elf archer shoots an arrow.
The arrow hits you!!
A sourceless malevolence fills the Elven Halls... and a teleportation trap spontaneously manifests!
You are yanked towards a nearby monster!
Your surroundings suddenly seem different.
A +2 dire flail of draining comes into view.
A +2 dire flail of draining is nearby!
You block the +2 dire flail of draining's attack.
You block the +2 dire flail of draining's attack.
The +2 dire flail of draining hits you!
With a swish of your cloak, you release a cloud of fog.
The +2 dire flail of draining closely misses you.
The +2 dire flail of draining hits you!!
* * * LOW HITPOINT WARNING * * *
With a swish of your cloak, you release a cloud of fog.
The +2 dire flail of draining hits you but does no damage.
The +2 dire flail of draining hits you but does no damage.
The +2 dire flail of draining hits you!
* * * LOW HITPOINT WARNING * * *
With a swish of your cloak, you release a cloud of fog.
The +2 dire flail of draining hits you.
* * * LOW HITPOINT WARNING * * *
The +2 dire flail of draining hits you!
You die...

.# .## .
##..## ..#
##....#
....##.....#
.....§§§§§#
.....§(§§#
[. #@# #.
### #. #.
#.###
##...##
##.....#
#.......
####.......
...'......)


You could see a +2 dire flail of draining.

Vanquished Creatures
  A deep elf demonologist (Elf:1)
  Snorg (D:11)
  A fire dragon (Lair:3)
  Erolcha (Orc:2)
  7 hydras
  5 two-headed ogres
  4 dancing weapons (Elf:1)
  3 orc high priests (Orc:2)
  6 death yaks
  Nergalle (D:11)
  4 deep elf knights
  Amaemon (Lair:1)
  3 deep elf archers
  Pikel (D:6)
  10 deep elf pyromancers
  7 orc knights
  11 deep elf zephyrmancers
  3 orc sorcerers (Orc:2)
  A manticore (D:11)
  A guardian serpent (Lair:3)
  A cyclops (Orc:2)
  11 elephants
  A gargoyle (D:11)
  4 black mambas
  16 cane toads
  3 rime drakes
  An orange demon (Lair:1)
  6 komodo dragons
  2 polar bears
  7 trolls
  8 hornets
  A slime creature (Lair:1)
  13 blink frogs
  A dream sheep (Lair:5)
  2 wraiths
  2 air elementals (Elf:1)
  7 spriggans (Lair:5)
  40 yaks
  3 wyverns
  5 basilisks
  5 fire elementals
  4 steam dragons
  A warg (Orc:1)
  Duvessa (Temple)
  4 acid dragons
  8 water moccasins
  A hell hound (Elf:2)
  23 orc warriors
  3 ice beasts
  6 black bears
  5 ogres
  29 wolves
  A centaur (D:10)
  3 boggarts (Lair:5)
  A phantom (D:5)
  Blork the orc (D:5)
  4 kobold brigands
  10 bullfrogs
  A gnoll sergeant (D:9)
  An earth elemental (Elf:2)
  A necrophage (D:7)
  7 scorpions
  8 wights
  Dowan (D:7)
  8 killer bees (D:9)
  6 howler monkeys
  4 electric eels
  Crazy Yiuf (D:2)
  18 orc priests
  8 hounds
  10 jellies
  A gnoll bouda (D:5)
  7 iguanas
  27 orc wizards
  11 adders
  19 gnolls
  3 white imps
  A worm (D:5)
  3 dart slugs (D:3)
  66 orcs
  8 bats
  17 endoplasms
  3 giant cockroaches
  12 goblins
  11 hobgoblins
  7 jackals
  31 kobolds
  7 quokkas
  7 ball pythons
  5 frilled lizards
  5 rats
641 creatures vanquished.

Vanquished Creatures (collateral kills)
  A rime drake (Lair:5)
  A komodo dragon (Lair:5)
  7 spriggans (Lair:5)
9 creatures vanquished.

Vanquished Creatures (others)
  An orc warrior (Orc:2)
  An orc (Orc:2)
  26 fungi
  26 plants
54 creatures vanquished.

Grand Total: 704 creatures vanquished

Notes
Turn   | Place    | Note
-------+----------+-------------------------------------------
     0 | D:1      | Radix the Gargoyle Earth Elementalist began the quest for
                  | the Orb.
     0 | D:1      | Reached XP level 1. HP: 10/10 MP: 3/3
    95 | D:1      | Reached XP level 2. HP: 15/15 MP: 3/5
   119 | D:1      | Reached skill level 4 in Earth Magic
   473 | D:1      | Found Jeose's Book Boutique.
   608 | D:1      | Reached XP level 3. HP: 20/20 MP: 1/6
   732 | D:1      | Reached skill level 1 in Fighting
   795 | D:1      | Reached skill level 1 in Maces & Flails
  1072 | D:1      | Learned a level 3 spell: Stone Arrow
  1335 | D:2      | Found a faded altar of an unknown god.
  1341 | D:2      | Reached XP level 4. HP: 19/25 MP: 4/8
  1800 | D:2      | Found a runed translucent door.
  1801 | D:2      | Noticed Crazy Yiuf
  1814 | D:2      | Killed Crazy Yiuf
  1815 | D:2      | Reached XP level 5. HP: 7/30 MP: 4/9
  2194 | D:2      | Found Zag Sein's General Store.
  2203 | D:2      | Bought a scroll of identify for 26 gold pieces
  2275 | D:3      | Reached skill level 5 in Earth Magic
  2660 | D:3      | Reached XP level 6. HP: 36/36 MP: 9/11
  2926 | D:3      | Found a snail-covered altar of Cheibriados.
  3351 | D:4      | Reached skill level 6 in Earth Magic
  3351 | D:4      | Reached XP level 7. HP: 41/41 MP: 8/13
  3358 | D:4      | Reached skill level 1 in Conjurations
  4042 | D:5      | Entered Level 5 of the Dungeon
  4531 | D:5      | Reached skill level 5 in Spellcasting
  4535 | D:5      | Noticed Blork the orc
  4567 | D:5      | Killed Blork the orc
  4603 | D:5      | Reached XP level 8. HP: 44/47 MP: 1/15
  4807 | D:5      | Found a shimmering altar of Xom.
  4994 | D:5      | Learned a level 2 spell: Blink
  5529 | D:6      | Reached skill level 5 in Maces & Flails
  6182 | D:6      | Reached XP level 9. HP: 51/51 MP: 15/16
  6332 | D:6      | Noticed Pikel
  6337 | D:6      | Killed Pikel
  7109 | D:7      | Noticed Duvessa
  7109 | D:7      | Noticed Dowan
  7115 | D:7      | Found a staircase to the Ecumenical Temple.
  7122 | Temple   | Entered the Ecumenical Temple
  7354 | Temple   | Became a worshipper of Vehumet
  7364 | D:7      | Killed Dowan
  7389 | Temple   | Killed Duvessa
  7679 | D:7      | Reached skill level 10 in Maces & Flails
  7968 | D:7      | Reached skill level 7 in Earth Magic
  8243 | D:7      | Found an iron altar of Okawaru.
  8512 | D:8      | Reached XP level 10. HP: 56/56 MP: 15/17
  8600 | D:8      | Reached skill level 8 in Earth Magic
  8618 | D:8      | Found a sparkling altar of Nemelex Xobeh.
  8711 | D:8      | Reached skill level 9 in Earth Magic
  8742 | D:8      | Reached * piety under Vehumet
  8742 | D:8      | Offered knowledge of Foxfire by Vehumet.
  8757 | D:8      | Reached skill level 10 in Earth Magic
  8905 | D:8      | Found a staircase to the Lair.
  9339 | D:8      | Found a shadowy altar of Dithmenos.
  9566 | D:9      | Reached skill level 11 in Earth Magic
  9882 | D:9      | Reached skill level 12 in Earth Magic
 10139 | D:9      | Noticed a deep elf pyromancer
 10139 | D:9      | Noticed a deep elf pyromancer
 10167 | D:9      | Reached ** piety under Vehumet
 10167 | D:9      | Offered knowledge of Scorch by Vehumet.
 10168 | D:9      | Reached XP level 11. HP: 55/60 MP: 10/18
 10264 | D:9      | Found Vapsaeso's Weapon Shoppe.
 10321 | D:9      | Reached skill level 5 in Conjurations
 10410 | D:9      | Noticed a two-headed ogre
 10420 | D:9      | Killed a two-headed ogre
 10565 | D:9      | Found a blossoming altar of Fedhas.
 11463 | D:10     | Entered Level 10 of the Dungeon
 11478 | D:10     | Found Hujuv's Antique Armour Shop.
 11487 | D:10     | Found a stormy altar of Qazlal.
 11505 | D:10     | Noticed a two-headed ogre
 11517 | D:10     | Killed a two-headed ogre
 11719 | D:10     | Found Hucots's Antique Armour Shop.
 11764 | D:10     | Found Hoqamecu's Antique Armour Shop.
 11867 | D:10     | Reached skill level 1 in Fire Magic
 11877 | D:10     | Offered knowledge of Ignite Poison by Vehumet.
 12038 | D:10     | Found Wineunakh's Assorted Antiques.
 12142 | D:10     | Found Kiotwiw's Antique Armour Boutique.
 12145 | D:10     | Bought a pair of runed boots for 202 gold pieces
 12521 | D:10     | Identified a scroll of acquirement
 12521 | D:10     | Acquired the +3 pair of boots of Perfidy {Will+}
 12625 | D:11     | Noticed a two-headed ogre
 12636 | D:11     | Noticed an orc knight
 12637 | D:11     | Killed a two-headed ogre
 12638 | D:11     | Reached skill level 5 in Fire Magic
 12977 | D:10     | Killed an orc knight
 13072 | D:11     | Noticed a two-headed ogre
 13072 | D:11     | Noticed a five-headed hydra
 13076 | D:11     | Killed a two-headed ogre
 13077 | D:11     | Reached *** piety under Vehumet
 13084 | D:11     | Killed a five-headed hydra
 13085 | D:11     | Reached XP level 12. HP: 21/65 MP: 2/19
 13390 | D:11     | Found a staircase to the Orcish Mines.
 13392 | D:11     | Found Kuherph's Weapon Shoppe.
 13456 | D:11     | Noticed Nergalle
 13464 | D:11     | Killed Nergalle
 13682 | D:11     | Noticed Snorg
 13684 | D:11     | Offered knowledge of Mephitic Cloud by Vehumet.
 13691 | D:11     | Killed Snorg
 14072 | D:11     | Found a bloodstained altar of Trog.
 14094 | D:11     | Found Onezoxke's Assorted Antiques.
 14098 | D:11     | Bought a scroll of teleportation for 81 gold pieces
 15015 | Lair:1   | Entered Level 1 of the Lair of Beasts
 15036 | Lair:1   | Noticed Amaemon
 15054 | Lair:1   | Killed Amaemon
 15388 | Lair:1   | Reached skill level 1 in Shields
 15484 | Lair:1   | Noticed a four-headed hydra
 15489 | Lair:1   | Killed a four-headed hydra
 15847 | Lair:1   | Reached **** piety under Vehumet
 15853 | Lair:1   | Offered knowledge of Freezing Cloud by Vehumet.
 15861 | Lair:1   | Learned a level 5 spell: Freezing Cloud
 15898 | Lair:1   | Reached skill level 5 in Shields
 16403 | Lair:2   | Acquired 811 gold pieces
 16411 | Lair:2   | Reached skill level 1 in Ice Magic
 16507 | Lair:2   | Found a staircase to the Shoals.
 16632 | Lair:2   | Reached XP level 13. HP: 69/69 MP: 26/26
 16786 | Lair:2   | Reached skill level 5 in Ice Magic
 16985 | Lair:2   | Identified the +2 buckler of the Spheres {Dex+4}
 17015 | Lair:2   | Reached ***** piety under Vehumet
 17266 | Lair:2   | Offered knowledge of Conjure Ball Lightning by Vehumet.
 17380 | Lair:2   | Identified the +1 whip of the Silent Majority {vorpal,
                  | Will++}
 17885 | Lair:3   | Found a staircase to the Snake Pit.
 18089 | Lair:3   | Noticed a fire dragon
 18099 | Lair:3   | Killed a fire dragon
 18118 | Lair:3   | Found the +2 cloak of the Thief {*Fog Slay-2 SInv Stlth+}
 18697 | Lair:4   | Reached skill level 10 in Ice Magic
 18852 | Lair:4   | Found a broken altar of Ashenzari.
 19441 | Lair:4   | Reached skill level 10 in Conjurations
 19441 | Lair:4   | Gained mutation: Your large and strong wings let you fly.
                  | [Gargoyle growth]
 19441 | Lair:4   | Reached XP level 14. HP: 54/74 MP: 21/27
 19693 | Lair:5   | Entered Level 5 of the Lair of Beasts
 20238 | Lair:5   | Reached skill level 5 in Fighting
 21248 | Lair:5   | Found a staircase to the Slime Pits.
 21994 | Orc:1    | Entered Level 1 of the Orcish Mines
 22480 | Orc:1    | Offered knowledge of Fulminant Prism by Vehumet.
 22841 | Orc:2    | Entered Level 2 of the Orcish Mines
 23424 | Orc:2    | Found a staircase to the Elven Halls.
 23446 | Orc:2    | Reached skill level 10 in Spellcasting
 23578 | Orc:2    | Noticed Erolcha
 23934 | Orc:2    | Killed Erolcha
 23935 | Orc:2    | Reached skill level 1 in Armour
 24085 | Orc:2    | Offered knowledge of Iskenderun's Battlesphere by Vehumet.
 24416 | Orc:2    | Reached XP level 15. HP: 82/92 MP: 24/29
 24418 | Orc:2    | Reached skill level 5 in Armour
 24708 | Orc:2    | Found Pudwek's Armour Shop.
 24708 | Orc:2    | Found Onor's Armour Emporium.
 24710 | Orc:2    | Found Orghualam's Weapon Shop.
 24710 | Orc:2    | Found Marud's Book Emporium.
 24720 | Orc:2    | Bought a book of the Moon for 480 gold pieces
 24720 | Orc:2    | Bought a book of Blasting for 384 gold pieces
 24730 | Orc:2    | Learned a level 5 spell: Lee's Rapid Deconstruction
 24739 | Orc:2    | Learned a level 8 spell: Lehudib's Crystal Spear
 24743 | Orc:2    | Bought the Commentary on Flamy Toxins for 456 gold pieces
 24758 | Orc:2    | Learned a level 9 spell: Fire Storm
 25024 | Elf:1    | Entered Level 1 of the Elven Halls
 25032 | Elf:1    | Reached skill level 13 in Earth Magic
 25749 | Elf:1    | Paralysed by an air elemental for 1 turns
 26047 | Elf:1    | You are sucked into a shaft and drop 1 floor!
 26047 | Elf:2    | Noticed Azrael
 26220 | Elf:3    | Entered Level 3 of the Elven Halls
 26650 | Elf:2    | Reached skill level 14 in Earth Magic
 26716 | Elf:2    | HP: 3/92 [+2 dire flail of draining (14)]
 26717 | Elf:2    | HP: 1/92 [+2 dire flail of draining (2)]
 26718 | Elf:2    | Mangled by a +2 dire flail of draining

Illustrated notes

Levels and vault maps discovered:
D:1:      dpeg_arrival_morbid_curiosity, layout_rooms, serial_corexii_hall,
          corexii_hall_statues_s, corexii_hall_statues_l, serial_shops, shop
D:2:      kennysheep_six_static_rooms, layout_basic,
          dreamdust_ecumenical_altar_grove, serial_shops, nicolae_diamond_shop,
          uniq_crazy_yiuf_cottage
D:3:      cheibrodos_greedy_goblins, layout_rooms, kennysheep_slug_shrine
D:4:      layout_basic
D:5:      layout_basic, mainiacjoe_overflow_brackets, uniq_blork_the_orc
D:6:      layout_basic, serial_park_tiny_1, grunt_ministairs_14, uniq_pikel
D:7:      wander_river, layout_cave_pools, okawaru_altar_gauntlet_db,
          minmay_temple_entry_arrows, uniq_duvessa
D:8:      layout_loops_ring, nicolae_dithmenos_through_a_glass_darkly,
          marbit_many_paths, erik_lair_island, minmay_quadrilaterals
D:9:      layout_irregular_city, mainiacjoe_overflow_24_doors,
          minmay_misc_feat_four_crosses, nicolae_inconvenience_store,
          lightli_corner_chamber
D:10:     layout_big_octagon, grunt_qazlal_clouds, serial_shops, shop, shop,
          nicolae_shop_hallway_stairs, nicolae_square_shop, kennysheep_mini_moat
D:11:     layout_basic, orc_david_3, serial_shops, shop,
          trog_three_pillars_becter, uniq_snorg, uniq_nergalle
Temple:   bh_familiar_temple
Lair:1:   lemuel_slime, layout_cave_shapes, st_stairs_4, grunt_megastairs_2,
          uniq_amaemon
Lair:2:   layout_cellular_growth, shoals_dummy_entry
Lair:3:   dragon1_lemuel, layout_layer_cave, minmay_snake_entry_spellcaster
Lair:4:   layout_long_grid, basic_altar, chequers_serial_rivers_room_a,
          grunt_megastairs_1, infiniplex_staircase_pool_2
Lair:5:   minmay_lair_end_enchanted_forest, layout_loops_ring,
          dpeg_slime_entry_corner, serial_bayou_shore_a, lemuel_fruit_tree
Orc:1:    cheibrodos_orc_arena, layout_diamond_mine, basic_altar
Orc:2:    grunt_orc_tribal_feast, layout_diamond_mine, basic_altar, uniq_erolcha
Elf:1:    layout_onion_city, minivault_28, lemuel_upstairs_altar
Elf:2:    elven_hall_of_blades_hangedman_alternative
          [nicolae_vaults_blade_armed_guards], layout_geoelf_grid,
          item_on_display_a, uniq_azrael
Elf:3:    minmay_elf_hall_hex, layout_gridlike, serial_shops,
          nicolae_lakefront_shop, uniq_roxanne

Skill      XL: |  1  2  3  4  5  6  7  8  9 10 11 12 13 14 15 |
---------------+----------------------------------------------+-----
Earth Magic    | 4 5 6 7 12 14 | 14.0
Fighting       | 1 2 3 9 |  9.9
Maces & Flails | 1 7 10 | 10.0
Spellcasting   | 3 4 5 9 10 11 | 11.1
Conjurations   | 3 4 8 10 11 | 11.6
Fire Magic     | 7 |  7.1
Shields        | 5 |  5.0
Ice Magic      | 4 10 | 10.7
Armour         | 4 5 |  5.6
Dodging        | |  1.5
Stealth        | |  2.1
Transmutations | |  0.7

Action                   |  1- 3 |  4- 6 |  7- 9 | 10-12 | 13-15 || total
-------------------------+-------+-------+-------+-------+-------++-------
Melee: Mace              |    28 |    23 |       |       |       ||    51
       Dagger            |       |    45 |    29 |       |       ||    74
       Whip              |       |       |    71 |    23 |   116 ||   210
       Flail             |       |       |       |    68 |       ||    68
Throw: Dart              |     5 |     7 |     2 |       |       ||    14
 Cast: Sandblast         |    36 |    70 |    91 |   204 |   149 ||   550
       Stone Arrow       |       |     2 |    68 |   168 |   274 ||   512
       Blink             |       |       |     1 |     1 |     1 ||     3
       Freezing Cloud    |       |       |       |     2 |    82 ||    84
       Lee's Rapid Decon |       |       |       |       |    23 ||    23
Evoke: Phial of floods   |       |       |       |       |     1 ||     1
       Wand              |       |       |       |       |     1 ||     1
  Use: Scroll            |       |     4 |    14 |    14 |    15 ||    47
       Potion            |       |       |     2 |     2 |     6 ||    10
 Stab: Sleeping          |       |     1 |       |       |       ||     1
Armor: Robe              |    23 |    48 |    43 |       |    26 ||   140
       Acid dragon scale |       |       |    31 |   224 |   144 ||   399
Dodge: Dodged            |    32 |    54 |    76 |   168 |   148 ||   478
Block: Buckler           |       |       |       |       |   115 ||   115
